 Dungeon Crawl Stone Soup version 0.27-a0-1147-gb3d8e82157 (webtiles) character file.

Game seed: 4465606989484419020

2747 kae the Grappler (level 9, 0/74 HPs)
             Began as a Demonspawn Fighter on May 11, 2021.
             Was an Initiate of Okawaru.
             Splashed by a goliath frog's acid (7 damage)
             ... on level 7 of the Dungeon.
             The game lasted 00:07:10 (10904 turns).

kae the Grappler (Demonspawn Fighter)              Turns: 10904, Time: 00:07:11

Health: 0/74       AC:  9    Str: 27    XL:     9   Next: 41%
Magic:  9/9        EV:  7    Int:  9    God:    Okawaru [......]
Gold:   335        SH:  6    Dex: 12    Spells: 8/8 levels left

rFire    . . .     SeeInvis +     - Unarmed
rCold    . . .     Faith    .   (no shield)
rNeg     . . .     Spirit   .   j - +0 plate armour
rPois    .         Reflect  .   (no helmet)
rElec    .         Harm     .   (no cloak)
rCorr    .         Rampage  .   (gloves unavailable)
Will     .....                  s - +1 pair of boots
Stlth    ..........             (no amulet)
HPRegen  0.22/turn              o - ring of see invisible
MPRegen  0.11/turn              r - +6 ring of strength

@: corroded, studying Poison Magic
A: claws 3, large bone plates 2, demonic guardian 1
a: Renounce Religion


You were on level 7 of the Dungeon.
You worshipped Okawaru.
Okawaru was noncommittal.
You visited 2 branches of the dungeon, and saw 8 of its levels.

You collected 335 gold pieces.

Inventory:

Hand Weapons
 a - a +0 long sword
Armour
 b - a +0 scale mail
 c - a +0 kite shield
 j - a +0 plate armour (worn)
 s - a +1 pair of boots (worn)
Jewellery
 o - a ring of see invisible (left claw)
 r - a +6 ring of strength (right claw)
Wands
 g - a wand of acid (5)
 i - a wand of flame (9) (quivered)
 q - a wand of digging (4)
 t - a wand of polymorph (7)
Scrolls
 d - 3 scrolls of identify
 f - 3 scrolls of immolation
 m - 2 scrolls of fear
 n - 2 scrolls of teleportation
 u - a scroll of fog
Potions
 e - 2 potions of mutation
 h - a potion of ambrosia
 k - a potion of resistance
 l - 2 potions of flight
 p - a potion of invisibility


   Skills:
 + Level 8.1 Fighting
 - Level 4.1 Long Blades
 - Level 2.6 Armour
 - Level 2.6 Shields
 * Level 8.9 Unarmed Combat


You had 8 spell levels left.
You didn't know any spells.
Your spell library contained the following spells:

 Spells                   Type           Power      Damage    Failure   Level
 Beastly Appendage        Tmut           0%         N/A       99%         1
 Corona                   Hex            0%         N/A       99%         1
 Magic Dart               Conj           0%         1d3       99%         1
 Blink                    Tloc           N/A        N/A       100%        2
 Call Imp                 Summ           0%         N/A       100%        2
 Ensorcelled Hibernation  Hex/Ice        0%         N/A       100%        2
 Poisonous Vapours        Pois/Air       0%         N/A       100%        2
 Slow                     Hex            0%         N/A       100%        2
 Wereblood                Tmut           0%         N/A       100%        2
 Confusing Touch          Hex            0%         N/A       100%        3
 Conjure Flame            Conj/Fire      0%         6-21      100%        3
 Dazzling Flash           Conj/Hex       0%         N/A       100%        3
 Mephitic Cloud           Conj/Pois/Air  0%         N/A       100%        3
 Spider Form              Tmut/Pois      0%         N/A       100%        3
 Tukima's Dance           Hex            0%         N/A       100%        3
 Ice Form                 Ice/Tmut       0%         N/A       100%        4
 Hydra Form               Tmut           0%         N/A       100%        5
 Freezing Cloud           Conj/Ice/Air   0%         6-21      100%        6


Dungeon Overview and Level Annotations

Branches:
Dungeon (7/15)             Temple (1/1) D:7

Altars:
Ashenzari
Cheibriados
Dithmenos
Elyvilon
Fedhas
Gozag
Hepliaklqana
Kikubaaqudgha
Makhleb
Nemelex Xobeh
Okawaru
Qazlal
Sif Muna
Trog
Wu Jian
Xom
Yredelemnul
Zin
The Shining One

Shops:
D:1 [   D:3 :

Annotations:
D:3 Edmund


Innate Abilities, Weirdness & Mutations

You have claws for hands.
You are mostly covered in large bone plates. (SH +6)
A weak demonic guardian rushes to your aid.


Message History

You start waiting.
Done waiting.
You open the door.
There is an open door here.
You see here 10 sling bullets.
A goliath frog is nearby!
Why would you want to do that?
You see here 10 sling bullets.
There is an open door here.
You close the door.
You start waiting.
Done waiting.
You start waiting.
Done waiting.
You open the door.
There is an open door here.
You see here 10 sling bullets.
A goliath frog is nearby!
Aiming: Corrosive Bolt
Press: ? - help, Shift-Dir - straight line, f/p - goliath frog
Aim: a goliath frog (50% to hit)
The bolt of acid misses the goliath frog.
Aiming: Corrosive Bolt
Press: ? - help, Shift-Dir - straight line, f/p - goliath frog
Aim: a goliath frog (50% to hit)
The bolt of acid misses the goliath frog.
Aiming: Corrosive Bolt
Press: ? - help, Shift-Dir - straight line, f/p - goliath frog
Aim: a goliath frog (50% to hit)
The bolt of acid hits the goliath frog!
The goliath frog is splashed with acid.
The acid corrodes the goliath frog!
The goliath frog is moderately wounded.
The goliath frog hits you from afar!! The acid corrodes you!
You are splashed with acid!
The goliath frog hits you!
You are splashed with acid!
* * * LOW HITPOINT WARNING * * *
The goliath frog hits you!
* * * LOW HITPOINT WARNING * * *
A demonic guardian appears!
You are splashed with acid!
You die...

#..#........###
#.##......#...#
#.........##...
#....#.....#...
#....#.........
#.............
##..##.........
##..#.##.>(.... ..
#..@5..##.###. ..
#...F..##.. ....
#####..##.#######...
#.......#........ #
#...........##..#
##.##...........#..#
.##...........).†.....
#......<..[[.##...###.
......#.....####......


You could see a goliath frog (corroded, ally target) and a friendly shadow imp
(summoned).

Vanquished Creatures
  Pikel (D:5)
  Sigmund (D:2)
  A water moccasin (D:6)
  An orc warrior (D:7)
  A black bear (D:6)
  4 centaurs
  An ogre (D:7)
  2 phantoms (D:5)
  2 bullfrogs
  2 scorpions
  A wight (D:4)
  2 killer bees
  4 crimson imps
  A centaur zombie (D:7)
  A bullfrog skeleton (D:7)
  4 hounds
  2 orc priests
  Jessica (D:2)
  3 iguanas
  Natasha (thrice) (D:2)
  3 orc wizards
  2 hound skeletons
  A howler monkey zombie (D:4)
  10 adders
  2 ufetubi
  4 worms
  A dart slug (D:1)
  17 orcs
  5 endoplasms
  8 hobgoblins
  2 jackals (D:2)
  4 kobolds
  6 quokkas
  7 ball pythons
  6 bats
  6 frilled lizards
  11 goblins
  7 rats
140 creatures vanquished.

Vanquished Creatures (collateral kills)
  An ogre (D:5)
  An endoplasm (D:4)
2 creatures vanquished.

Grand Total: 142 creatures vanquished

Notes
Turn   | Place    | Note
-------+----------+-------------------------------------------
     0 | D:1      | kae the Demonspawn Fighter began the quest for the Orb.
     0 | D:1      | Reached XP level 1. HP: 18/18 MP: 1/1
   389 | D:1      | Gained mutation: You are partially covered in large bone
                  | plates. (SH +4) [demonic ancestry]
   389 | D:1      | Reached XP level 2. HP: 24/24 MP: 2/2
   438 | D:1      | Found a faded altar of an unknown god.
   492 | D:1      | Found Bonnuoqu's Armour Shoppe.
   738 | D:1      | Gained mutation: You have sharp fingernails. [demonic
                  | ancestry]
   738 | D:1      | Reached XP level 3. HP: 29/29 MP: 3/3
  1034 | D:2      | Noticed Jessica
  1054 | D:2      | Killed Jessica
  1148 | D:2      | Reached XP level 4. HP: 33/37 MP: 4/4
  1505 | D:2      | Noticed Sigmund
  1603 | D:3      | Found a shadowy altar of Dithmenos.
  1923 | D:3      | Found Zutzymud's Book Shoppe.
  2419 | D:3      | Gained mutation: You have very sharp fingernails. [demonic
                  | ancestry]
  2419 | D:3      | Reached XP level 5. HP: 42/42 MP: 5/5
  2813 | D:2      | Killed Sigmund
  2814 | D:2      | Gained mutation: You have claws for hands. [demonic
                  | ancestry]
  2814 | D:2      | Reached XP level 6. HP: 15/49 MP: 6/6
  3238 | D:2      | Noticed Natasha
  3256 | D:2      | Killed Natasha
  3540 | D:2      | Noticed Natasha
  3550 | D:2      | Killed Natasha
  3801 | D:2      | Noticed Natasha
  3811 | D:2      | Killed Natasha
  4458 | D:4      | Found a shimmering altar of Xom.
  4465 | D:4      | Reached skill level 5 in Fighting
  4672 | D:3      | Gained mutation: A weak demonic guardian rushes to your
                  | aid. [demonic ancestry]
  4672 | D:3      | Reached XP level 7. HP: 41/56 MP: 7/7
  4756 | D:4      | Noticed Edmund
  5888 | D:4      | Reached skill level 5 in Unarmed Combat
  5967 | D:4      | Found an ancient bone altar of Kikubaaqudgha.
  6169 | D:4      | Found an ornate altar of the Wu Jian Council.
  6713 | D:5      | Entered Level 5 of the Dungeon
  6925 | D:5      | Reached XP level 8. HP: 64/64 MP: 8/8
  7675 | D:5      | Noticed Pikel
  7706 | D:5      | Killed Pikel
  7844 | D:5      | Found a burning altar of Makhleb.
  7973 | D:5      | Found a sparkling altar of Nemelex Xobeh.
  8600 | D:6      | Gained mutation: You are mostly covered in large bone
                  | plates. (SH +6) [demonic ancestry]
  8600 | D:6      | Reached XP level 9. HP: 64/72 MP: 9/9
  9641 | D:7      | Noticed a boulder beetle
 10106 | D:7      | Noticed an alligator
 10106 | D:7      | a boulder beetle changed into an alligator
 10356 | D:7      | Found a staircase to the Ecumenical Temple.
 10404 | Temple   | Entered the Ecumenical Temple
 10484 | Temple   | Became a worshipper of Warmaster Okawaru
 10518 | D:7      | Noticed a goliath frog
 10518 | D:7      | an alligator changed into a goliath frog
 10904 | D:7      | Splashed by a goliath frog's acid

Illustrated notes

Levels and vault maps discovered:
D:1:      minmay_arrival_statue_studded, layout_basic,
          shapermc_ecumenical_altar_mp_ritualfount, serial_shops,
          nicolae_shop_stone, minmay_split_cup_small
D:2:      layout_rooms, grunt_decor_fettered, st_stairs_7, uniq_natasha,
          uniq_jessica, uniq_sigmund
D:3:      layout_basic, nicolae_overflow_hidden_temple, serial_shops,
          nicolae_shop_waterfront, kennysheep_pointless_box, grunt_ministairs_7
D:4:      layout_basic, nicolae_wu_jian_immortal_techniques,
          kennysheep_little_box, led_xom_imps, minmay_manual_mares, uniq_edmund
D:5:      layout_basic, elyvilon_altar_5, nemelex_diamond_rough_becter,
          lemuel_crystal_altar, grunt_ministairs_15, uniq_pikel
D:6:      layout_basic, supply_closet_lemuel, mrwooster_statue_mirror
D:7:      layout_cave_pools, lemuel_coloured_pillars_altar,
          minmay_temple_entry_fiery, minmay_fire_ice_demons
Temple:   nicolae_temple_hex_pool

Skill      XL: |  1  2  3  4  5  6  7  8  9 |
---------------+----------------------------+-----
Long Blades    | 2 3 4 |  4.1
Fighting       | 4 5 6 7 8 |  8.1
Unarmed Combat | 2 3 5 7 8 |  8.9
Armour         | |  2.6
Shields        | |  2.6

Action                   |  1- 3 |  4- 6 |  7- 9 || total
-------------------------+-------+-------+-------++-------
Melee: Long sword        |   115 |   245 |   195 ||   555
       Unarmed           |       |       |   104 ||   104
       Punch             |       |       |     3 ||     3
Evoke: Wand              |       |       |    11 ||    11
  Use: Scroll            |       |     8 |     7 ||    15
       Potion            |       |       |     3 ||     3
 Stab: Distracted        |       |       |     1 ||     1
Armor: Scale mail        |    39 |       |       ||    39
       Plate armour      |    33 |   156 |   168 ||   357
Dodge: Dodged            |    17 |    32 |    49 ||    98
Block: Kite shield       |    79 |   193 |   153 ||   425
       Other             |       |       |    27 ||    27
       Rpst.: Long sword |     6 |     8 |     6 ||    20

Table legend: (Time is in decaauts)
 A = Elapsed time spent in this place.
 B = Non-inter-level travel time spent in this place.
 C = Inter-level travel time spent in this place.
 D = Time resting spent in this place.
 E = Time spent auto-exploring this place.
 F = Levels seen in this place.
 G = Mean time per level.
                   A        B        C        D        E       F      G
               +--------+--------+--------+--------+--------+-----+--------+
         Total |  11154 |  10544 |    610 |   2825 |   5922 |   8 | 1394.2 |
       Dungeon |  11060 |  10463 |    597 |   2825 |   5851 |   7 | 1580.0 |
        Temple |     93 |     81 |     12 |      0 |     71 |   1 |   93.0 |
               +--------+--------+--------+--------+--------+-----+--------+

Top non-repeatable levels by time:
     D:3: 2418 daAuts
     D:2: 2116 daAuts
     D:5: 1922 daAuts
     D:6: 1403 daAuts
     D:4: 1396 daAuts
     D:1: 999 daAuts
     D:7: 805 daAuts
  Temple: 93 daAuts
